 Dungeon Crawl Stone Soup version 0.19.5 (webtiles) character file.

44 Jinx the Stinger (level 3, -2/19 HPs)
             Began as a Gargoyle Venom Mage on Apr 6, 2017.
             Slain by Terence
             ... wielding a +0 morningstar
              (7 damage)
             ... on level 2 of the Dungeon.
             The game lasted 00:06:57 (2145 turns).

Jinx the Stinger (Gargoyle Venom Mage)              Turns: 2145, Time: 00:06:57

Health: -2/19      AC:  6    Str: 11    XL:     3   Next: 60%
Magic:  1/6        EV: 12    Int: 16    God:
Gold:   95         SH:  0    Dex: 10    Spells: 2 memorised, 2 levels left

rFire  . . .     SeeInvis .     f - +0 dagger
rCold  . . .     Gourm    .     a - +0 robe
rNeg   + . .     Faith    .     (no shield)
rPois  ∞         Spirit   .     (no helmet)
rElec  +         Reflect  .     k - +0 cloak
rCorr  .         Harm     .     (no gloves)
MR     .....                    (no boots)
Stlth  ++........               (no amulet)
                                (no ring)
                                (no ring)

@: no status effects
A: negative energy resistance 1, electricity resistance, unbreathing,
petrification resistance, rot immunity, AC +3
a: no special abilities


You were on level 2 of the Dungeon.
You were not hungry.

You visited 1 branch of the dungeon, and saw 2 of its levels.

You collected 95 gold pieces.

Inventory:

Hand Weapons
 f - a +0 dagger (weapon)
Armour
 a - a +0 robe (worn)
 k - a +0 cloak (worn)
Jewellery
 l - an uncursed ring of resist corrosion {unknown}
Scrolls
 d - a scroll of identify
 e - a scroll of recharging {unknown}
 i - a scroll of random uselessness {unknown}
 n - a scroll of teleportation {unknown}
Potions
 g - a potion of heal wounds {unknown}
 j - a potion of degeneration {unknown}
Books
 b - a Young Poisoner's Handbook

   Spells                             Type                      Level
   a - Sting                          Conjuration/Poison           1
   b - Mephitic Cloud                 Conjuration/Poison/Air       3
   c - Olgreb's Toxic Radiance        Poison                       4
   d - Alistair's Intoxication        Transmutation/Poison         5
   e - Venom Bolt                     Conjuration/Poison           5
Comestibles
 m - a meat ration


   Skills:
 + Level 1.9 Dodging
 + Level 2.2 Stealth
 + Level 2.1 Spellcasting
 + Level 1.2 Conjurations
 + Level 4.6 Poison Magic


You had 2 spell levels left.
You knew the following spells:

 Your Spells              Type           Power        Failure   Level  Hunger
a - Sting                 Conj/Pois      ##..         10%         1    #......
b - Mephitic Cloud        Conj/Pois/Air  #.......     34%         3    ###....


Dungeon Overview and Level Annotations

Branches:
Dungeon (2/15)

Altars:

Annotations:
D:2 Terence


Innate Abilities, Weirdness & Mutations

You are resistant to torment.
Your stone body is resilient. (AC +3)
You are immune to poison.
You resist negative energy. (rN+)
You are resistant to electric shocks. (rElec)
You can survive without breathing.
You are immune to petrification.
You are immune to rotting.


Message History

Terence hits you with a morningstar!
* * * LOW HITPOINT WARNING * * *
You are too injured to fight recklessly!
You are too injured to fight recklessly!
You hit Terence but do no damage.
Terence is moderately wounded.
Terence barely misses you.
You barely miss Terence.
Terence is moderately wounded.
Terence barely misses you.
You hit Terence but do no damage.
Terence is moderately wounded.
Terence completely misses you.
You hit Terence.
Terence is heavily wounded.
Terence looks more healthy.
Terence misses you.
You hit Terence.
Terence is severely wounded.
Terence hits you with a morningstar!
You die...

######
#......#.####...#.
#%####.#......###.
#######..###.#.###..# #.
..........##.#.# #..###.
..........#....###..##.(
..........####.#....#...
..........## #.#.##.##.#
.......@..$# #[#.##.##..
.......@...# #.#.##.####
...........###.#.##.####
............##.#.#..<...
..........#.##.#.#######
###########..#.#.#
######### ##.#.#.#
#.......####...#.#
#.......)..##..#.#
#.......##.##..#.#


You could see Terence.

Vanquished Creatures
  Ijyb (D:2)
  An ooze (D:1)
  A giant cockroach (D:1)
  2 goblins (D:1)
  A hobgoblin (D:2)
  A quokka (D:1)
  3 bats
  2 frilled lizards (D:1)
  A kobold (D:1)
  2 rats
15 creatures vanquished.

Notes
Turn   | Place    | Note
-------+----------+-------------------------------------------
     0 | D:1      | Jinx the Gargoyle Venom Mage began the quest for the Orb.
     0 | D:1      | Reached XP level 1. HP: 10/10 MP: 3/3
     6 | D:1      | Noticed an elephant
   850 | D:1      | Reached XP level 2. HP: 15/15 MP: 3/5
  1182 | D:1      | Noticed a seven-headed hydra
  1726 | D:2      | Noticed Terence
  1756 | D:2      | Noticed Ijyb
  1867 | D:2      | Killed Ijyb
  1867 | D:2      | Reached skill level 1 in Conjurations
  1867 | D:2      | Reached XP level 3. HP: 13/19 MP: 0/6
  2118 | D:2      | Learned a level 3 spell: Mephitic Cloud
  2145 | D:2      | Slain by Terence

Skill      XL: |  1  2 |
---------------+-------+-----
Conjurations   | 1 |  1.2
Dodging        | |  1.9
Stealth        | |  2.2
Spellcasting   | |  2.1
Poison Magic   | |  4.6

Action                   || total
-------------------------++-------
Melee: Dagger            ||   148
 Cast: Sting             ||    48
       Mephitic Cloud    ||     1
  Use: Scroll            ||     2
       Potion            ||     1
  Eat: Chunk             ||     2
       Bread ration      ||     1
Armor: Robe              ||    68
Dodge: Dodged            ||   108
